 Dungeon Crawl Stone Soup version 0.31.0 (webtiles) character file.

Game seed: 6742772007315443235

343 qw the Shooter (level 6, -1/38 HPs)
             Began as a Gargoyle Hunter on Jan 19, 2024.
             Slain by Pikel
             ... wielding a +2 whip of freezing
              (6 damage)
             ... on level 4 of the Dungeon.
             The game lasted 00:00:10 (2968 turns).

qw the Shooter (Gargoyle Hunter)                    Turns: 2968, Time: 00:00:10

Health: -1/38      AC:  9    Str: 14    XL:     6   Next: 57%
Magic:  6/6        EV: 15    Int: 10    God:
Gold:   111        SH:  0    Dex: 15    Spells: 5/5 levels left

rFire   . . .        a - +0 shortbow (heavy)
rCold   . . .        (shield currently unavailable)
rNeg    + . .        l - +0 ring mail
rPois   inf          (no helmet)
rElec   +            (no cloak)
rCorr   .            (no gloves)
SInv    .            (no boots)
Will    .....        (no amulet)
Stlth   +            d - +5 ring of evasion
HPRegen 0.26/turn    (no ring)
MPRegen 0.10/turn

%: no passive effects
@: no status effects
A: sickness immunity, AC +4, negative energy resistance 1, electricity
resistance, torment resistance 1, petrification resistance
a: no special abilities


You were on level 4 of the Dungeon.
You visited 1 branch of the dungeon, and saw 4 of its levels.

You collected 111 gold pieces.


Innate Abilities, Weirdness & Mutations

You are immune to sickness and miasma.
Your stone body is resilient. (AC +4)
You are immune to poison.
You resist negative energy. (rN+)
You are resistant to electric shocks. (rElec)
You are resistant to unholy torment.
You are immune to petrification.


   Skills:
 - Level 4.0 Fighting
 + Level 6.8 Ranged Weapons
 - Level 1.2 Armour
 - Level 1.5 Dodging
 - Level 1.1 Stealth


You had 5 spell levels left.
You didn't know any spells.
Your spell library was empty.

Inventory:

Hand Weapons
 a - a +0 heavy shortbow (weapon)
Armour
 l - a +0 ring mail (worn)
Jewellery
 d - a +5 ring of evasion (left hand)
Scrolls
 b - a scroll of brand weapon

Dungeon Overview and Level Annotations

Branches:
Dungeon (4/15)
 Temple: D:4-7

Altars:
Vehumet
The Shining One

Annotations:
D:4 Pikel


Message History

The lemure hits you but does no damage.
You shoot an arrow. The arrow closely misses the lemure.
The lemure hits you. The lemure misses you.
You shoot an arrow. The arrow misses the lemure.
The lemure hits you. The lemure barely misses you.
You shoot an arrow. The arrow hits the lemure!
You kill the lemure!
That felt strangely unrewarding.
A lemure comes into view.
Pikel misses you.
You shoot an arrow. The arrow closely misses Pikel.
The lemure shouts!
Pikel barely misses you.
A lemure comes into view.
You shoot an arrow. The arrow closely misses Pikel.
The lemure shouts!
Pikel hits you with a +2 whip of freezing.
Pikel freezes you.
Pikel hits you with a +2 whip of freezing!
Pikel freezes you.
You shoot an arrow. The arrow hits Pikel!
Pikel is moderately wounded.
Pikel barely misses you. Pikel misses you.
You shoot an arrow. The arrow hits Pikel!
Pikel is heavily wounded.
Pikel completely misses you.
You shoot an arrow. The arrow closely misses Pikel.
The arrow hits the lemure!
The lemure is moderately wounded.
Pikel closely misses you. x2
You shoot an arrow. The arrow barely misses Pikel.
The arrow hits the lemure!
The lemure is severely wounded.
Pikel hits you with a +2 whip of freezing!
Pikel freezes you.
Pikel hits you with a +2 whip of freezing.
Pikel freezes you.
You shoot an arrow. The arrow hits Pikel!
Pikel is severely wounded.
Pikel hits you with a +2 whip of freezing.
You die...
Pikel says, "See you in Hell!"

...._%...#>.))............
.##...##...#.#####....##.#
.#.....#..##.......##.#
...#.#...###..........#
..##.##.........##..###
#..........#:....#.#####
##.....###......55.|..^#
#..#### #.###.#K###.###
#..# #.....#@# ... #...
#######.# #### ##... ..#
...#. #### .###


You could see Pikel and 2 lemures.

Vanquished Creatures
  2 lemures (D:4)
  A scorpion (D:3)
  A bombardier beetle (D:3)
  A hound (D:3)
  An orc priest (D:4)
  Jessica (D:3)
  2 orc wizards (D:4)
  3 gnolls (D:2)
  4 adders
  3 dart slugs
  2 ribbon worms
  6 orcs
  3 ball pythons
  A bat (D:1)
  7 endoplasms
  A giant cockroach (D:1)
  4 hobgoblins
  A quokka (D:4)
  2 frilled lizards (D:3)
  2 goblins
  A kobold (D:3)
  4 rats
53 creatures vanquished.

Notes
Turn   | Place    | Note
-------+----------+-------------------------------------------
     0 | D:1      | qw the Gargoyle Hunter began the quest for the Orb.
     0 | D:1      | Reached XP level 1. HP: 12/12 MP: 1/1
     0 | D:1      | 0 ||| qw: Version: 0.3-a-132-g3d54051
     0 | D:1      | 0 ||| qw: Game counter: 137
     0 | D:1      | 0 ||| qw: Melee chars always use a shield: true
     0 | D:1      | 0 ||| qw: God list: Okawaru
     0 | D:1      | 0 ||| qw: Allow faded altars: false
     0 | D:1      | 0 ||| qw: Do Orc after clearing Dungeon:15 true
     0 | D:1      | 0 ||| qw: Do second Lair branch before Depths: true
     0 | D:1      | 0 ||| qw: Lair rune preference: random
     0 | D:1      | 0 ||| qw: Goals: Normal
     0 | D:1      | 0 ||| PLANNING D:1-11
   194 | D:1      | Reached XP level 2. HP: 17/17 MP: 2/2
   599 | D:1      | Found a faded altar of an unknown god.
   883 | D:1      | 883 ||| UPGRADING to +5 ring of evasion.
   884 | D:1      | 884 ||| READING scroll labelled KEUS MILY.
   884 | D:1      | 884 ||| BRANDING +0 shortbow.
   885 | D:1      | 885 ||| READING scroll labelled CERYDU GIAG.
   890 | D:1      | 890 ||| DROPPING scroll of butterflies.
   952 | D:2      | Reached XP level 3. HP: 21/21 MP: 3/3
   954 | D:2      | Reached skill level 5 in Ranged Weapons
  1404 | D:2      | Reached skill level 3 in Fighting
  1481 | D:2      | Reached XP level 4. HP: 28/28 MP: 4/4
  1852 | D:2      | 1852 ||| READING 2 scrolls labelled HUUSURGHOSI.
  1853 | D:2      | 1853 ||| READING scroll labelled JENLEO VAUSAOM.
  1854 | D:2      | 1854 ||| READING scroll labelled WOEKIB LOULID.
  1854 | D:2      | 1854 ||| IDENTIFYING dark potion
  1855 | D:2      | 1855 ||| DROPPING potion of invisibility.
  1856 | D:2      | 1856 ||| DROPPING scroll of fear.
  1975 | D:3      | Reached skill level 6 in Ranged Weapons
  1975 | D:3      | Reached XP level 5. HP: 32/32 MP: 5/5
  2147 | D:3      | Noticed Jessica
  2148 | D:3      | Killed Jessica
  2465 | D:3      | Reached XP level 6. HP: 38/38 MP: 6/6
  2572 | D:3      | 2572 ||| UPGRADING to +0 ring mail.
  2582 | D:3      | 2582 ||| DROPPING +0 leather armour.
  2583 | D:3      | 2583 ||| READING scroll labelled YRIGE BIDECU.
  2584 | D:3      | 2584 ||| FLEEEEING.
  2592 | D:3      | 2592 ||| STAIRDANCE
  2694 | D:2      | 2694 ||| READING scroll labelled GUAL SINE YNTE.
  2694 | D:2      | 2694 ||| ENCHANTING +0 heavy shortbow.
  2695 | D:2      | 2695 ||| READING scroll labelled PESEAH DAIHEG.
  2696 | D:2      | 2696 ||| READING scroll labelled BECIDIV AQYETT.
  2758 | D:4      | Found a glowing golden altar of the Shining One.
  2800 | D:4      | Found a radiant altar of Vehumet.
  2817 | D:4      | 2817 ||| FLEEEEING.
  2818 | D:4      | 2818 ||| FLEEEEING.
  2819 | D:4      | 2819 ||| FLEEEEING.
  2820 | D:4      | 2820 ||| FLEEEEING.
  2821 | D:4      | 2821 ||| STAIRDANCE
  2879 | D:4      | Reached skill level 1 in Armour
  2886 | D:4      | 2886 ||| DRINKING blue potion.
  2887 | D:4      | 2887 ||| DRINKING sapphire potion.
  2888 | D:4      | 2888 ||| DRINKING inky potion.
  2889 | D:4      | 2889 ||| DRINKING sedimented pink potion.
  2956 | D:4      | Noticed Pikel
  2957 | D:4      | 2957 ||| RETREEEEATING.
  2967 | D:4      | HP: 8/38 [Pikel/+2 whip of freezing (2)]
  2968 | D:4      | Slain by Pikel

Levels and vault maps discovered:
D:1:      dpeg_arrival_rooms_a, layout_basic, basic_ecumenical_altar,
          bh_walls_and_bars
D:2:      layout_basic, minivault_5, nicolae_underground_beach
D:3:      layout_loops_ring, st_stairs_1, grunt_ministairs_2, uniq_jessica
D:4:      layout_basic, nicolae_overflow_crystal_walls,
          mainiacjoe_overflow_small_starburst, overflow_temple_1_default,
          uniq_pikel, uniq_duvessa

Skill      XL: |  1  2  3  4  5  6 |
---------------+-------------------+-----
Ranged Weapons | 5 6 |  6.8
Fighting       | 3 4 |  4.0
Armour         | 1 |  1.2
Dodging        | |  1.5
Stealth        | |  1.1

Action                     |  1- 3 |  4- 6 || total
---------------------------+-------+-------++-------
   Fire: Shortbow          |    52 |   111 ||   163
    Use: Scroll            |     2 |     7 ||     9
         Potion            |       |     4 ||     4
 Armour: Leather armour    |     5 |    15 ||    20
         Ring mail         |       |    39 ||    39
  Dodge: Dodged            |    12 |    55 ||    67

Table legend:
 A = Non-vault XP
 B = Vault XP
 C = Vault XP percentage of total XP
 D = Non-vault monster count
 E = Vault monster count
 F = Vault count percentage of total count
                 A         B        C        D         E       F
            +---------+---------+-------+---------+---------+-------
      Total |     445 |      45 |   9.2 |      46 |       5 |   9.8
            +---------+---------+-------+---------+---------+-------
        D:1 |      21 |       0 |   0.0 |      10 |       0 |   0.0
        D:2 |      82 |       0 |   0.0 |      11 |       0 |   0.0
        D:3 |     231 |      45 |  16.3 |      18 |       5 |  21.7
        D:4 |     111 |       0 |   0.0 |       7 |       0 |   0.0
            +---------+---------+-------+---------+---------+-------
